 Dungeon Sprint DCSS version 0.29.1-14-g9c671dbff4 (webtiles) character file.

Game seed: 1558939872036642926

65 Ast3rio the Poker (level 3, -3/38 HPs)
             Began as a Minotaur Berserker on Feb 17, 2023.
             Was a Priest of Trog.
             Slain by a black bear (4 damage)
             ... in the Dungeon (Sprint IX: "|||||||||||||||||||||||||||||").
             The game lasted 00:00:13 (39 turns).

Ast3rio the Poker (Minotaur Berserker)                Turns: 39, Time: 00:00:13

Health: -3/38      AC:  2    Str: 23    XL:     3   Next: 94%
Magic:  2/2        EV: 12    Int:  4    God:    Trog [***...]
Gold:   0          SH:  0    Dex:  9    Spells: 2/2 levels left

rFire   . . .      SeeInvis .   a - +0 spear
rCold   . . .      Faith    .   (no shield)
rNeg    . . .      Spirit   .   b - +0 animal skin
rPois   .          Reflect  .   (helmet restricted)
rElec   .          Harm     .   (no cloak)
rCorr   .          Rampage  .   (no gloves)
Will    .....      NoTele   +   (no boots)
Stlth   +.........              (no amulet)
HPRegen 0.12/turn               (no ring)
MPRegen 0.08/turn               (no ring)

@: no status effects
A: horns 2, retaliatory headbutt
a: Renounce Religion, Berserk, Trog's Hand


You were in the Dungeon.
You worshipped Trog.
Trog was most pleased with you.
You visited 1 branch

Inventory:

Hand Weapons
 a - a +0 spear (weapon)
Armour
 b - a +0 animal skin (worn)
Scrolls
 h - a scroll of blinking
Potions
 c - a potion of curing
 d - a potion of heal wounds
 e - a potion of haste
 f - 2 potions of magic
 g - a potion of berserk rage


   Skills:
 + Level 6.8 Fighting
 + Level 6.8 Polearms
 + Level 3.6 Armour
 + Level 3.6 Dodging


You had 2 spell levels left.
You didn't know any spells.
Your spell library was empty.

Dungeon Overview and Level Annotations

Branches:
Dungeon (1/1)

Altars:


Innate Abilities, Weirdness & Mutations

You have a pair of horns on your head.
You reflexively headbutt those who attack you in melee.


Message History

The orc priest is heavily wounded.
The orc priest casts a cantrip, but nothing happens.
You hit the orc priest.
You punch the orc priest, but do no damage.
The orc priest is severely wounded.
The orc priest looks encouraged for a moment.
You hit the orc priest but do no damage.
You headbutt the orc priest.
You kill the orc priest!
Trog accepts your kill.
Your Fighting skill increases to level 6!
Your Polearms skill increases to level 6!
You hit the orc.
The orc is lightly wounded.
The orc barely misses you.
You puncture the orc!
You kill the orc!
Trog accepts your kill.
The black bear misses you. x2; The black bear claws you.
* * * LOW HITPOINT WARNING * * *
There is an open door, spattered with blood here.
Items here: )) [ ††.
You hit the black bear.
The black bear is lightly wounded.
The black bear bites you.
* * * LOW HITPOINT WARNING * * *
The black bear barely misses you.
The black bear claws you but does no damage.
You hit the black bear but do no damage.
The black bear is lightly wounded.
The black bear barely misses you. You furiously retaliate!
You headbutt the black bear! The black bear misses you.
The black bear claws you.
* * * LOW HITPOINT WARNING * * *
You hit the black bear.
The black bear is heavily wounded.
You hit the black bear but do no damage.
The black bear is heavily wounded.
The black bear closely misses you. The black bear claws you.
You die...

▓.▓
▓.▓
▓)▓
▓†▓
▓.▓
▓.▓
▓.▓
▓.▓
▓@▓
▓h▓
▓h▓
▓.▓
▓.▓
▓.▓
▓+▓


You could see a black bear and a hound.

Vanquished Creatures
  A hound (D)
  An orc priest (D)
  An orc (D)
  A ball python (D)
  A bat (D)
  A hobgoblin (D)
  A frilled lizard (D)
  A goblin (D)
8 creatures vanquished.

Notes
Turn   | Place    | Note
-------+----------+-------------------------------------------
     0 | D        | Ast3rio the Minotaur Berserker began the quest for the Orb.
     0 | D        | Reached XP level 1. HP: 19/19 MP: 0/0
    10 | D        | Reached ** piety under Trog
    18 | D        | Noticed a hound
    18 | D        | Noticed an orc priest
    18 | D        | Noticed a black bear
    18 | D        | Noticed a hound
    28 | D        | Killed a hound
    29 | D        | Reached skill level 5 in Fighting
    29 | D        | Reached skill level 5 in Polearms
    29 | D        | Reached XP level 2. HP: 12/30 MP: 1/1
    29 | D        | Reached XP level 3. HP: 14/37 MP: 2/2
    32 | D        | Reached *** piety under Trog
    37 | D        | HP: 1/38 [black bear (4)]
    39 | D        | Slain by a black bear

Illustrated notes

Levels and vault maps discovered:
D:        linesprint [early_d, line_temple, items_1, d_10, items_2, lair_1,
          lair_end, items_3, orc_1, orc_end, items_4, d_15, swamp_1, shoals_1,
          snake_1, spider_1, d_20, vaults_1, items_5, swamp_end, shoals_end,
          snake_end, spider_end, vaults_end, d_27, items_6, zot_1, zot_end,
          crypt_end, forest_end, elf_end, slime_end, tomb_end, abyss_end,
          pan_hell_end]

Skill      XL: |  1  2  3 |
---------------+----------+-----
Fighting       | 5 6 |  6.8
Polearms       | 5 6 |  6.8
Armour         | 3 |  3.6
Dodging        | 3 |  3.6

Action                   || total
-------------------------++-------
Melee: Spear             ||    28
       Headbutt          ||     1
       Punch             ||     1
Armor: Animal skin       ||     4
Dodge: Dodged            ||    15
